AoeStats
← L0rdDmbrngr

Arabia

509725011Analyzed
4v4 RM · 5d ago on Sep 27, 2026· 51m 1s· 8 players
Game mode
Random Map
Map size
Large (8 player)
Population
200
Speed
Normal
Resources
Standard
Victory
Conquest
Starting age
Dark Age
Ending age
Imperial Age
RankedLock teamsTeams togetherTeam positionsShared explorationLock speedFull tech treeHidden civsTurbo modeCheats
Victory
Defeat
🇭🇷 Varangians · Croatia
1016
+11
🇮🇪 Teutons · Ireland
912
+15
🇩🇪 Britons · Germany
824
+19
🇮🇪 Saxons · Ireland
818
+19
🇹🇷 Ethiopians · Türkiye
1009
-20
🇹🇷 Tatars · Türkiye
979
-19
🇹🇷 Vietnamese · Türkiye
942
-18
🇹🇷 Bulgarians · Türkiye
647
-13
L0rdDmbrngr
0:41 Loom
11:33 Feudal Age
13:45 Horse Collar
14:14 Double-Bit Axe
19:43 Castle Age
18:34 Fletching
18:50 Scale Barding Armor
20:55 Gold Mining
20:54 Town Watch
21:27 Stone Mining
23:09 Wheelbarrow
23:25 Bloodlines
25:01 Heavy Plow
25:32 Forging
26:31 Bodkin Arrow
27:59 Chain Barding Armor
28:52 Scale Mail Armor
30:14 Iron Casting
29:58 Squires
29:44 Gambesons
31:42 Sanctity
31:35 Arson
32:10 Chain Mail Armor
36:43 Imperial Age
36:31 Stone Shaft Mining
36:53 Fervor
36:50 Town Patrol
37:05 Hand Cart
40:35 Blast Furnace
40:42 Illumination
40:33 Block Printing
41:07 Conscription
42:07 Chemistry
41:19 Masonry
42:17 Plate Barding Armor
42:12 Plate Mail Armor
43:47 Cavalier
45:37 Ironclad
44:41 Elite Teutonic Knight
47:20 Padded Archer Armor
47:48 Bow Saw
zyzyx
10:20 Feudal Age
12:23 Horse Collar
15:35 Castle Age
14:23 Double-Bit Axe
17:11 Stone Mining
23:15 Pikeman
23:56 Squires
24:09 Scale Barding Armor
24:11 Loom
25:03 Wheelbarrow
25:22 Bow Saw
26:58 Heavy Plow
28:35 Hand Cart
29:02 Gold Mining
34:45 Imperial Age
32:02 Town Watch
32:43 Padded Archer Armor
32:33 Fletching
33:24 Gold Shaft Mining
33:22 Scale Mail Armor
33:34 Forging
33:41 Leather Archer Armor
35:17 Yeomen
35:21 Bodkin Arrow
35:57 Conscription
37:21 Two-Man Saw
36:31 Caravan
37:39 Ring Archer Armor
37:39 Ballistics
37:01 Treadmill Crane
37:33 Masonry
37:19 Murder Holes
38:15 Halberdier
39:41 Hoardings
40:21 Chemistry
40:28 Bracer
40:44 Chain Mail Armor
41:05 Iron Casting
41:04 Architecture
40:47 Siege Engineers
42:19 Elite Longbowman
43:27 Warwolf
48:55 Plate Mail Armor
49:25 Blast Furnace
aHuRa_zg82
2:29 Loom
11:01 Feudal Age
13:53 Bloodlines
17:24 Double-Bit Axe
21:26 Castle Age
19:42 Horse Collar
25:47 Squires
26:40 Gambesons
27:00 Stone Mining
27:29 Town Watch
28:34 Wheelbarrow
29:24 Arson
31:26 Scale Barding Armor
31:32 Forging
33:16 Chain Barding Armor
34:57 Husbandry
38:39 Imperial Age
36:28 Hand Cart
36:03 Vendel Legacy
37:45 Iron Casting
38:45 Cavalier
41:22 Plate Barding Armor
41:13 Gold Mining
42:36 Conscription
46:08 Blast Furnace
47:07 Stone Shaft Mining
45:58 Elite Varangian Guard
48:49 Scale Mail Armor
49:55 Heavy Plow
50:12 Bow Saw
51:33 Chain Mail Armor
51:55 Crop Rotation
52:33 Two-Man Saw
CHIKN9476
2:32 Loom
15:29 Feudal Age
16:02 Arson
16:07 Town Watch
17:17 Double-Bit Axe
17:13 Horse Collar
18:11 Bloodlines
18:37 Scale Mail Armor
18:48 Forging
18:28 Fletching
18:39 Padded Archer Armor
20:15 Wheelbarrow
20:16 Stone Mining
20:22 Gold Mining
24:59 Castle Age
26:15 Squires
26:25 Thumb Ring
27:13 Chain Mail Armor
29:40 Iron Casting
29:02 Bodkin Arrow
33:50 Leather Archer Armor
34:46 Town Patrol
38:54 Imperial Age
39:07 Shield Wall
39:08 Elite Hearth Troop
40:09 Conscription
42:49 Chemistry
42:10 Ballistics
43:54 Plate Mail Armor
Inky
13:30 Feudal Age
14:06 Loom
21:59 Arson
32:58 Castle Age
32:01 Scale Mail Armor
32:04 Padded Archer Armor
32:16 Forging
31:58 Fletching
32:14 Scale Barding Armor
37:20 Squires
37:10 Gambesons
37:46 Pikeman
40:20 Wheelbarrow
[VF] ThemisNyks
9:35 Feudal Age
8:42 Loom
10:41 Double-Bit Axe
20:39 Horse Collar
28:31 Castle Age
28:20 Fletching
28:30 Padded Archer Armor
30:35 Bodkin Arrow
30:55 Leather Archer Armor
30:34 Crossbowman
36:01 Forging
36:46 Ballistics
37:22 Wheelbarrow
39:18 Town Watch
40:49 Bow Saw
43:39 Imperial Age
43:45 Imperial Age
41:40 Thumb Ring
42:30 Masonry
44:00 Town Patrol
45:32 Conscription
47:16 Squires
47:28 Bracer
47:58 Ring Archer Armor
Grand ImHotep
7:18 Loom
9:56 Feudal Age
11:00 Double-Bit Axe
14:52 Horse Collar
20:59 Castle Age
19:29 Bloodlines
20:07 Gold Mining
21:49 Husbandry
23:58 Heavy Plow
24:10 Bow Saw
24:12 Scale Barding Armor
27:28 Wheelbarrow
27:19 Stone Mining
28:04 Gold Shaft Mining
30:38 Hand Cart
33:01 Fletching
33:11 Padded Archer Armor
33:29 Forging
33:40 Chain Barding Armor
35:11 Iron Casting
34:31 Bodkin Arrow
34:52 Leather Archer Armor
37:14 Imperial Age
35:15 Silk Armor
37:24 Ballistics
39:50 Crop Rotation
38:55 Heavy Cavalry Archer
40:40 Chemistry
40:15 Conscription
41:58 Conscription
44:24 Light Cavalry
50:28 Bracer
50:59 Ring Archer Armor
EpicYusuf
10:40 Feudal Age
12:01 Double-Bit Axe
12:39 Horse Collar
21:57 Castle Age
20:24 Fletching
20:33 Arson
20:53 Scale Mail Armor
21:30 Forging
21:50 Town Watch
21:51 Loom
22:46 Pikeman
23:28 Squires
23:26 Elite Skirmisher
25:34 Wheelbarrow
26:12 Bow Saw
26:04 Heavy Plow
27:02 Stone Mining
28:52 Thumb Ring
33:11 Imperial Age
32:19 Gold Mining
33:22 Bodkin Arrow
37:11 Bloodlines
37:02 Husbandry
39:13 Hand Cart
39:01 Town Patrol
39:36 Ballistics
39:13 Murder Holes
41:15 Masonry
42:38 Imperial Skirmisher
43:13 Halberdier
46:28 Chemistry
45:10 Treadmill Crane
46:09 Bracer
Connection lost

Rejoining the realm…

Still unreachable

The connection could not be restored.

Session expired

The server has moved on; the page needs a fresh start.